Map: Ruínas de Endion

Players

TheZergLord - Winner!

  • Race: Zerg Zerg
  • League: Master

Jhonny

  • Race: Terran Terran
  • League: Master

VOD

Have the link to the VOD?

Description

Time

  • Played on: May 5, 2016, 1:49 p.m.
  • Length: 10:16
Show
View Real Time Build Order
Export as new Build Order

TheZergLord Zerg - Winner!

Build Orders: Hatch First 

Get SALT Encoding   

  12  0:01  Drone  
  13  0:14  Overlord  
  13  0:18  Drone  
  14  0:34  Drone x2  
  16  0:36  Drone  
  17  0:53  Hatchery  
  17  0:56  Drone  
  17  1:09  Spawning Pool  
  16  1:12  Drone  
  16  1:14  Extractor  
  16  1:18  Drone  
  17  1:21  Drone  
  18  1:29  Drone  
  19  1:42  Overlord  
  19  1:56  Queen  
  19  1:58  Zergling x2  
  22  2:04  Zergling x2  
  22  2:05  Queen  
  22  2:06  Zergling x2  
  26  2:17  Metabolic Boost  
  26  2:19  Drone x2  
  28  2:29  Drone x2  
  30  2:34  Drone  
  31  2:45  Spine Crawler  
  31  2:48  Zergling x2  
  31  2:49  Zergling x4  
  33  2:52  Queen  
  33  2:57  Overlord  
  35  2:59  Zergling x2  
  36  3:11  Overlord  
  35  3:18  Zergling x4  
  35  3:19  Zergling x2  
  38  3:20  Queen  
  38  3:24  Overlord  
  38  3:25  Drone  
  38  3:26  Drone x2  
  43  3:51  Drone x3  
  43  3:52  Drone x2  
  48  3:58  Overlord  
  47  4:13  Drone x3  
  47  4:15  Drone x3  
  53  4:26  Hatchery, Drone x2  
  53  4:29  Queen  
  53  4:30  Queen  
  58  4:42  Drone  
  58  4:44  Spore Crawler  
  58  4:49  Spine Crawler, Drone x2  
  58  4:50  Drone  
  55  5:22  Drone x5  
  55  5:24  Overlord  
  60  5:30  Overlord x2  
  60  5:34  Roach Warren  
  59  5:40  Extractor  
  57  5:47  Drone x4  
  57  5:48  Drone x3  
  61  5:53  Lair  
  61  5:54  Drone  
  61  5:55  Drone x2  
  61  5:56  Drone x2  
  66  5:58  Extractor  
  67  6:10  Overlord x2  
  67  6:21  Drone x2  
  67  6:22  Roach x6  
  67  6:23  Evolution Chamber x2, Roach x2  
  81  6:39  Drone  
  75  7:03  Roach x5  
  75  7:04  Roach x3  
  75  7:05  Zerg Missile Weapons Level 1  
  75  7:06  Zerg Ground Armor Level 1  
  75  7:08  Drone x8  
  96  7:09  Drone x2  
  96  7:11  Extractor  
  96  7:12  Extractor  
  99  7:17  Drone x5  
  104  7:23  Glial Reconstitution  
  104  7:24  Overlord x2  
  103  7:39  Roach  
  103  7:41  Overlord x2  
  103  7:44  Roach x5  
  115  8:07  Roach x10  
  115  8:08  Roach  
  115  8:10  Overlord  
  137  8:30  Ravager  
  137  8:31  Ravager x3  
  137  8:32  Overlord x4  
  137  8:34  Roach x2  
  143  8:52  Roach x12  
  143  8:55  Ravager  
  168  8:56  Ravager  
  168  8:59  Overlord  
  168  9:13  Overlord x2  
  152  9:32  Roach x6  
  152  9:33  Roach x6  
  170  9:50  Roach x6  
  182  9:55  Roach x2  
Show
View Real Time Build Order
Export as new Build Order

Jhonny Terran 

Build Orders: Liberator Opening, MMM Bio 

Get SALT Encoding   

  12  0:00  SCV  
  13  0:13  SCV  
  14  0:17  Supply Depot  
  14  0:25  SCV  
  15  0:39  SCV  
  15  0:40  Barracks  
  16  0:46  Refinery  
  16  0:51  SCV  
  17  1:01  Barracks  
  17  1:04  SCV  
  18  1:11  Refinery  
  18  1:16  SCV  
  19  1:29  Reaper  
  19  1:32  Orbital Command  
  20  1:44  Supply Depot  
  20  1:48  Reaper  
  21  1:58  SCV  
  21  2:01  Reaper  
  23  2:10  SCV  
  23  2:11  Factory  
  24  2:20  Reaper  
  24  2:22  SCV  
  26  2:34  SCV  
  27  2:46  SCV  
  28  2:57  Starport  
  28  2:58  Barracks Tech Lab, SCV  
  28  2:59  Barracks Reactor  
  29  3:18  SCV  
  29  3:23  Command Center  
  30  3:27  Supply Depot  
  30  3:28  Liberator  
  30  3:33  Supply Depot  
  29  3:37  Factory Tech Lab  
  30  3:49  Marine x2  
  30  3:50  Marine  
  33  3:56  Siege Tank  
  36  4:12  Marine  
  36  4:13  Marine x2  
  38  4:26  Command Center  
  38  4:28  Medivac  
  40  4:35  Stimpack  
  40  4:44  Marine x3  
  43  4:47  Orbital Command  
  43  4:54  Siege Tank  
  46  5:00  Starport Reactor  
  46  5:04  Marine  
  46  5:05  Marine x2  
  49  5:16  Barracks  
  46  5:28  Barracks  
  46  5:31  Marine x2  
  46  5:32  Marine  
  49  5:36  Orbital Command  
  49  5:43  Orbital Command  
  47  5:52  Marine x2  
  47  5:53  Marine  
  47  5:54  Medivac x2  
  54  6:04  Supply Depot x3  
  54  6:06  Barracks Reactor  
  54  6:12  SCV x2  
  54  6:17  Barracks Reactor  
  54  6:18  Marine x2  
  58  6:24  Engineering Bay  
  58  6:30  Marine  
  58  6:32  Siege Tank  
  62  6:36  Marine  
  62  6:37  Marine  
  64  6:40  SCV x3  
  64  6:43  Marine x2  
  69  6:48  Marine  
  69  6:52  Medivac x2  
  74  6:58  Bunker  
  74  7:00  Supply Depot  
  66  7:01  Marine x2  
  66  7:09  Marine x3  
  66  7:10  Marine  
  66  7:12  SCV x2  
  66  7:13  SCV  
  73  7:16  Marine  
  73  7:19  Marine  
  73  7:22  Terran Infantry Armor Level 1  
  75  7:26  Refinery  
  75  7:27  Refinery  
  75  7:31  Marine x2  
  75  7:32  Marine x2  
  75  7:33  SCV  
  80  7:37  Marine  
  80  7:38  Marine  
  80  7:41  Combat Shields  
  82  7:48  Engineering Bay  
  82  7:51  SCV x2  
  82  8:00  Marine x7  
  82  8:03  SCV x2  
  91  8:16  Terran Infantry Weapons Level 1  
  91  8:17  Marine  
  91  8:18  Marine  
  93  8:24  Marine x4  
  93  8:25  Medivac x2  
  101  8:32  Orbital Command  
  101  8:34  Supply Depot x3  
  101  8:46  Marine x5  
  101  8:47  Marine  
  106  8:52  Marine  
  107  9:01  SCV x3  
  110  9:04  Marine x2  
  110  9:06  Marine x3  
  115  9:13  SCV x3  
  115  9:16  Marine x2  
  117  9:21  Marine  
  92  9:35  Marine x3  
  92  9:37  Marine x2  
  84  9:40  Marine x2  
  64  9:53  Marine x2  
  64  9:54  Marine  
  64  9:58  Marine x2  
Tags
 
Add a new tag
Caveats
  • Supply blocks, unpowered buildings, or Contaminate may cause inaccurate times.
  • Supply counts are checked every 10 seconds.